[Event "ICC tourney 2437 (75 10)"]
[Site "Internet Chess Club"]
[Date "2021.03.06"]
[Round "1"]
[White "STEINER, ADAMSON:poohfur"]
[Black "MARTINEZ, LAWRENCE:apachekid"]
[Result "1-0"]
[ICCResult "Black resigns"]
[WhiteElo "1692"]
[BlackElo "1805"]
[Opening "Giuoco Piano: Anderssen variation"]
[ECO "C54"]
[NIC "IG.02"]
[Time "13:02:00"]
[PlyCount "45"]
[TimeControl "4500+10"]

1. e4 e5 2. Nf3 Nc6 3. Bc4 Bc5 4. c3 Nf6 5. d4 exd4 6. e5 d5 7. Bb5 Ne4 8.
cxd4 Bb4+ 9. Bd2 Nxd2 10. Bxc6+ bxc6 11. Nbxd2 O-O 12. Rc1 Bg4 13. O-O Bxd2
14. Qxd2 Bxf3 15. gxf3 Qd7 16. Kh1 f6 17. f4 fxe5 18. fxe5 Qh3 19. Qc3 Rf3
20. Qxc6 Raf8 21. Qxd5+ Kh8 22. e6 Rxf2 23. Rxf2 { Black resigns } 1-0

[Event "ICC tourney 2437 (75 10)"]
[Site "Internet Chess Club"]
[Date "2021.03.06"]
[Round "1"]
[White "ZHENG, CARISSA ANGELA:bg26723"]
[Black "LI, DAVID TONGJIA:UltimateDL"]
[Result "1-0"]
[ICCResult "Black resigns"]
[WhiteElo "1868"]
[BlackElo "1767"]
[Opening "Sicilian defense"]
[ECO "B30"]
[NIC "SI.31"]
[Time "13:02:14"]
[PlyCount "63"]
[TimeControl "4500+10"]

1. e4 c5 2. Nf3 Nc6 3. c3 d5 4. exd5 Qxd5 5. d4 Bf5 6. Be3 O-O-O 7. Nbd2
cxd4 8. cxd4 e6 9. Bc4 Qa5 10. O-O Bd6 11. a3 a6 12. b4 Qc7 13. Qb3 Nge7
14. b5 Na5 15. Qa4 Nxc4 16. Nxc4 axb5 17. Qxb5 Bd3 18. Nxd6+ Rxd6 19. Qxd3
Rc6 20. a4 Nd5 21. a5 Rc3 22. Qb5 Qc6 23. Qxc6+ Rxc6 24. Ne5 Nxe3 25. fxe3
Rc7 26. a6 bxa6 27. Rxa6 f6 28. Ra8+ Kb7 29. Rxh8 fxe5 30. Rxh7 exd4 31.
exd4 Kc6 32. Rc1+ { Black resigns } 1-0

[Event "ICC tourney 2437 (75 10)"]
[Site "Internet Chess Club"]
[Date "2021.03.06"]
[Round "1"]
[White "HONG, PEARSON:PearsonH"]
[Black "MARTINEZ, ENOCH:TheChessShark"]
[Result "1/2-1/2"]
[ICCResult "Game drawn by mutual agreement"]
[WhiteElo "1731"]
[BlackElo "1817"]
[Opening "Queen's pawn, Mason variation"]
[ECO "D00"]
[NIC "QP.08"]
[Time "13:01:56"]
[PlyCount "74"]
[TimeControl "4500+10"]

1. d4 d5 2. Bf4 Nf6 3. e3 Bf5 4. Bd3 Bxd3 5. Qxd3 e6 6. Nd2 c5 7. Ngf3 c4
8. Qe2 Be7 9. O-O O-O 10. e4 Nc6 11. c3 b5 12. Ne5 Nxe5 13. dxe5 Nd7 14.
Rfd1 Nc5 15. exd5 exd5 16. Nf3 Nd3 17. Bg3 Qb6 18. Ne1 Nxe1 19. Qxe1 Rad8
20. Rd2 Bc5 21. Rad1 d4 22. cxd4 Rxd4 23. Rxd4 Bxd4 24. Rd2 c3 25. Rxd4
Qxd4 26. bxc3 Qd5 27. f4 Rd8 28. f5 Qxa2 29. e6 fxe6 30. fxe6 Re8 31. e7
Kf7 32. Bd6 Qe6 33. Qf2+ Qf6 34. Qa2+ Kg6 35. Qb1+ Kh6 36. Qxb5 Rxe7 37.
Bxe7 Qxe7 { Game drawn by mutual agreement } 1/2-1/2

[Event "ICC tourney 2437 (75 10)"]
[Site "Internet Chess Club"]
[Date "2021.03.06"]
[Round "1"]
[White "Walsh, Tim R:Telos53"]
[Black "CUI, YOUNG CHEUNG:WizardY"]
[Result "1-0"]
[ICCResult "Black checkmated"]
[WhiteElo "1835"]
[BlackElo "1762"]
[Opening "King's Indian: East Indian defense"]
[ECO "A48"]
[NIC "QP.06"]
[Time "13:01:59"]
[PlyCount "117"]
[TimeControl "4500+10"]

1. d4 Nf6 2. Nf3 g6 3. Nc3 d5 4. Bf4 Bg7 5. Qd2 O-O 6. e3 Bf5 7. Be2 Ne4 8.
Nxe4 Bxe4 9. h4 c5 10. h5 cxd4 11. exd4 Re8 12. hxg6 Bxg6 13. Ne5 Nc6 14.
Nxg6 fxg6 15. c3 e5 16. dxe5 Nxe5 17. O-O-O Nc6 18. Bb5 Rc8 19. Qxd5+ Qxd5
20. Rxd5 a6 21. Bxc6 Rxc6 22. Rhd1 b5 23. a3 Rec8 24. Rd8+ Rxd8 25. Rxd8+
Kf7 26. Rd7+ Kf6 27. Be3 Bf8 28. Rxh7 Bc5 29. Bxc5 Rxc5 30. Rd7 Rc6 31. Kd2
Kg5 32. Rd4 Re6 33. a4 Kf5 34. axb5 axb5 35. Rd5+ Ke4 36. Rxb5 Rf6 37. Ke2
Re6 38. g3 Re5 39. f3+ Kf5+ 40. Rxe5+ Kxe5 41. b4 Kd5 42. f4 Kc4 43. g4 Kd5
44. Kd3 Kd6 45. Kd4 Kc6 46. f5 gxf5 47. gxf5 Kd6 48. b5 Kd7 49. b6 Kd8 50.
f6 Kd7 51. b7 Kc6 52. b8=Q Kd7 53. Qb5+ Kd6 54. Qe5+ Kc6 55. f7 Kd7 56.
f8=Q Kc6 57. Qff6+ Kb7 58. Qee7+ Kc8 59. Qff8# { Black checkmated } 1-0

[Event "ICC tourney 2437 (75 10)"]
[Site "Internet Chess Club"]
[Date "2021.03.06"]
[Round "1"]
[White "SATTARU, SRITEJ SAI:FL2009"]
[Black "RODENSTEIN, ALAN:arconsul2"]
[Result "1-0"]
[ICCResult "Black resigns"]
[WhiteElo "1820"]
[BlackElo "1756"]
[Opening "Caro-Kann: exchange variation"]
[ECO "B13"]
[NIC "CK.02"]
[Time "13:02:47"]
[PlyCount "93"]
[TimeControl "4500+10"]

1. e4 c6 2. d4 d5 3. exd5 cxd5 4. Bd3 Nc6 5. c3 Nf6 6. Ne2 Bg4 7. O-O e6 8.
Qe1 Be7 9. f3 Bh5 10. Qh4 Qd7 11. Bg5 Bg6 12. Bxg6 fxg6 13. Qh3 O-O-O 14.
Nf4 e5 15. Qxd7+ Rxd7 16. dxe5 Nxe5 17. Re1 Bc5+ 18. Kh1 Nc6 19. Nd2 d4 20.
Nb3 Bb6 21. cxd4 Nxd4 22. Nxd4 Bxd4 23. Rac1+ Kb8 24. Ne6 Bb6 25. Bf4+ Ka8
26. Be5 Rg8 27. Nxg7 Rdxg7 28. Bxf6 Rd7 29. Bc3 a6 30. g3 Rd3 31. Kg2 Rgd8
32. Re7 R8d7 33. Rce1 Bc5 34. Rxd7 Rxd7 35. Kh3 b5 36. a3 Kb7 37. Kg4 Bd4
38. Rd1 h5+ 39. Kh3 Bxc3 40. Rxd7+ Kc6 41. bxc3 Kxd7 42. Kh4 Ke6 43. Kg5
Kf7 44. g4 hxg4 45. fxg4 a5 46. h4 b4 47. cxb4 { Black resigns } 1-0

[Event "ICC tourney 2437 (75 10)"]
[Site "Internet Chess Club"]
[Date "2021.03.06"]
[Round "1"]
[White "MATTSON, DANIEL R:CPTsopiens"]
[Black "JIANG, LEYOU:karuto2006"]
[Result "0-1"]
[ICCResult "White resigns"]
[WhiteElo "1757"]
[BlackElo "1831"]
[Opening "Ruy Lopez: closed, Breyer, Borisenko variation"]
[ECO "C95"]
[NIC "RL.25"]
[Time "13:01:58"]
[PlyCount "70"]
[TimeControl "4500+10"]

1. e4 e5 2. Nf3 Nc6 3. Bb5 a6 4. Ba4 Nf6 5. O-O Be7 6. Re1 b5 7. Bb3 d6 8.
c3 O-O 9. h3 Nb8 10. d4 Nbd7 11. Nbd2 c5 12. Nf1 Re8 13. Ng3 c4 14. Bc2 Bf8
15. Nh4 g6 16. Nf3 Bb7 17. Bg5 h6 18. Be3 Qc7 19. d5 a5 20. Qd2 Kh7 21. Nh2
Nc5 22. h4 Bg7 23. Qe2 h5 24. Nf3 Ng4 25. Ng5+ Kg8 26. Bd2 Qb6 27. Kh1 Nd3
28. Be3 Nxe3 29. Bxd3 Ng4 30. Bc2 Nxf2+ 31. Kh2 Ng4+ 32. Kh1 Bh6 33. Rf1
Qd8 34. Rxf7 Bxg5 35. Rxb7 Be3 { White resigns } 0-1

[Event "ICC tourney 2437 (75 10)"]
[Site "Internet Chess Club"]
[Date "2021.03.06"]
[Round "1"]
[White "WEN, KALLY:kwen2008"]
[Black "CHAMPSI, IMRAN:imranchamp"]
[Result "1/2-1/2"]
[ICCResult "Game drawn by mutual agreement"]
[WhiteElo "1708"]
[BlackElo "1813"]
[Opening "Benkö gambit"]
[ECO "A57"]
[NIC "BI.46"]
[Time "13:01:59"]
[PlyCount "68"]
[TimeControl "4500+10"]

1. d4 Nf6 2. c4 c5 3. d5 b5 4. e3 b4 5. Nf3 g6 6. b3 Bg7 7. Bb2 d6 8. g3
O-O 9. Bg2 Nbd7 10. O-O a5 11. a3 Bb7 12. axb4 axb4 13. Rxa8 Qxa8 14. Nbd2
Qc8 15. Qc2 Qc7 16. Ra1 Ra8 17. Qb1 Qb8 18. Ra2 Rxa2 19. Qxa2 Qa8 20. Qxa8+
Bxa8 21. Kf1 Bb7 22. Ke2 Bc8 23. Bh3 Nb6 24. Bxc8 Nxc8 25. Ne1 Nb6 26. Nd3
Nfd7 27. Bxg7 Kxg7 28. e4 g5 29. e5 h6 30. exd6 exd6 31. Ne4 Nc8 32. f4 f5
33. Nef2 Kf6 34. Ke3 g4 { Game drawn by mutual agreement } 1/2-1/2

[Event "ICC tourney 2437 (75 10)"]
[Site "Internet Chess Club"]
[Date "2021.03.06"]
[Round "1"]
[White "CAREY, MICHAEL P:xyzchessdude"]
[Black "Shi, Roger V V:Roger436"]
[Result "1/2-1/2"]
[ICCResult "Game drawn by mutual agreement"]
[WhiteElo "1953"]
[BlackElo "1782"]
[Opening "English opening"]
[ECO "A05"]
[NIC "KI.75"]
[Time "13:01:58"]
[PlyCount "70"]
[TimeControl "4500+10"]

1. Nf3 Nf6 2. c4 g6 3. g3 Bg7 4. Bg2 d6 5. d4 O-O 6. O-O c6 7. Nc3 a6 8. b3
b5 9. Bb2 Qb6 10. Qd3 Bb7 11. Rab1 Nbd7 12. e4 e5 13. c5 Qc7 14. Rfd1 exd4
15. cxd6 Qxd6 16. Qxd4 Qxd4 17. Rxd4 Rfe8 18. Rbd1 Nc5 19. e5 Nd5 20. Nxd5
cxd5 21. Rc1 Rac8 22. Rdd1 Ne4 23. Bh3 Rc5 24. Bd4 Rxc1 25. Rxc1 Re7 26. e6
fxe6 27. Bxe6+ Rxe6 28. Bxg7 Kxg7 29. Rc7+ Kf6 30. Rxb7 Rc6 31. Nd4 Rc1+
32. Kg2 Ke5 33. Nf3+ Kd6 34. Nd4 Ke5 35. Nf3+ Kd6 { Game drawn by mutual
agreement } 1/2-1/2

[Event "ICC tourney 2437 (75 10)"]
[Site "Internet Chess Club"]
[Date "2021.03.06"]
[Round "1"]
[White "RAM, JAIKRISHNAN:jairam09"]
[Black "YANG, LEO:yanje03"]
[Result "0-1"]
[ICCResult "White resigns"]
[WhiteElo "1805"]
[BlackElo "1678"]
[Opening "Nimzovich-Larsen attack: modern variation"]
[ECO "A01"]
[NIC "VO.08"]
[Time "13:01:52"]
[PlyCount "106"]
[TimeControl "4500+10"]

1. b3 e5 2. Bb2 Nc6 3. e3 Nf6 4. Bb5 d6 5. Nf3 Bg4 6. h3 Bh5 7. d3 Be7 8.
Nbd2 O-O 9. Bxc6 bxc6 10. Qe2 a5 11. a4 Nd5 12. O-O f5 13. e4 Nf4 14. Qe3
Bg5 15. Qe1 fxe4 16. Qxe4 c5 17. Rab1 Qf6 18. Kh2 Rae8 19. Qc4+ Kh8 20. Ne4
Qg6 21. Nexg5 Bxf3 22. gxf3 Qxg5 23. Rg1 Qh5 24. Rg3 Ne2 25. Qg4 Nxg3 26.
Kxg3 Qxg4+ 27. fxg4 g5 28. Bc3 Ra8 29. Rf1 Kg7 30. f3 Kf7 31. Kf2 Ke6 32.
Re1 Rf7 33. Re3 Kd7 34. Kg3 Kc6 35. Re2 Raf8 36. Rf2 Kb6 37. Bd2 Rg7 38.
Bc3 Rh8 39. Rf1 h5 40. Kg2 hxg4 41. fxg4 Re8 42. Rf5 Rg6 43. Kf3 Rh6 44.
Kg2 e4 45. dxe4 Rxe4 46. Rxg5 Re2+ 47. Kf3 Rxc2 48. Bg7 Rxh3+ 49. Ke4 Rxb3
50. Kf5 c4 51. Kg6 c3 52. Rd5 Rg2 53. g5 c2 { White resigns } 0-1

[Event "ICC tourney 2437 (75 10)"]
[Site "Internet Chess Club"]
[Date "2021.03.06"]
[Round "1"]
[White "MCDONALD, GABRIEL:Grinch81"]
[Black "HO, CARTER:corviknight"]
[Result "0-1"]
[ICCResult "White resigns"]
[WhiteElo "1961"]
[BlackElo "1802"]
[Opening "QGD Slav: Carlsbad variation"]
[ECO "D17"]
[NIC "SL.04"]
[Time "13:02:05"]
[PlyCount "72"]
[TimeControl "4500+10"]

1. d4 d5 2. c4 c6 3. Nc3 Nf6 4. Nf3 dxc4 5. a4 Bf5 6. Ne5 Nbd7 7. Nxc4 Qc7
8. g3 e5 9. dxe5 Nxe5 10. Bf4 Nfd7 11. Bg2 f6 12. Nxe5 Nxe5 13. O-O Bd6 14.
Qb3 Qe7 15. Ne4 Bxe4 16. Bxe4 Nf7 17. Bxd6 Nxd6 18. Bd3 Qf7 19. Qc2 f5 20.
e4 fxe4 21. Bxe4 Qc4 22. Bxh7 O-O-O 23. Qxc4 Nxc4 24. Bf5+ Kc7 25. b4 Rdf8
26. Bg4 Rf6 27. Rfd1 Ne5 28. Be2 Rfh6 29. h4 g5 30. f4 gxf4 31. gxf4 Ng6
32. f5 Nxh4 33. Bd3 Rf6 34. Rf1 Rg8+ 35. Kh1 Rh6 36. Rf2 Nf3+ { White
resigns } 0-1

[Event "ICC tourney 2437 (75 10)"]
[Site "Internet Chess Club"]
[Date "2021.03.06"]
[Round "1"]
[White "SU, JASMINE ZHIXIN:chessisthebest1"]
[Black "SETHURAMAN, ROSHAN:TheSuperKing"]
[Result "0-1"]
[ICCResult "White resigns"]
[WhiteElo "1806"]
[BlackElo "1701"]
[Opening "Giuoco Piano"]
[ECO "C54"]
[NIC "IG.02"]
[Time "13:01:56"]
[PlyCount "146"]
[TimeControl "4500+10"]

1. e4 e5 2. Nf3 Nc6 3. Bc4 Bc5 4. c3 Nf6 5. d3 O-O 6. O-O d6 7. Nbd2 Bg4 8.
Re1 a6 9. a4 a5 10. Nf1 Ne7 11. Be3 Bxe3 12. Rxe3 c6 13. Bb3 Qd7 14. Ng3
Ng6 15. h3 Be6 16. Bxe6 fxe6 17. Qc2 Nf4 18. d4 exd4 19. cxd4 Ng6 20. Rd1
Rad8 21. Qc3 Qc7 22. Ng5 Rfe8 23. Kh1 h6 24. Nf3 Kh7 25. Ree1 Qb6 26. Nd2
Qb4 27. Qxb4 axb4 28. Nb3 Ra8 29. a5 Rad8 30. f3 e5 31. dxe5 Rxe5 32. Nf5
d5 33. Rd4 Nf4 34. Kh2 Rb8 35. g3 Ne6 36. Rxb4 dxe4 37. Nd6 Ng5 38. Kh1
Nxf3 39. Re3 Nd5 40. Rexe4 Nxb4 41. Rxb4 Rd5 42. Nxb7 Ra8 43. N3c5 Rd1+ 44.
Kg2 Ne1+ 45. Kh2 Rd2+ 46. Kg1 Nd3 47. Rd4 Nxc5 48. Rxd2 Nxb7 49. b4 c5 50.
Rd7 Nxa5 51. bxa5 Rxa5 52. Rc7 Kg6 53. Kf2 Ra2+ 54. Kf3 Rc2 55. Kf4 c4 56.
Rc6+ Kh7 57. h4 c3 58. Kf3 Rc1 59. Ke2 h5 60. Rc5 Kg6 61. Rg5+ Kh6 62. Rc5
Rc2+ 63. Kd1 Rd2+ 64. Kc1 Rd3 65. Rg5 Rf3 66. Kc2 g6 67. Kb3 Kg7 68. Kc2
Kf6 69. Kb3 Rf5 70. Kxc3 Rxg5 71. hxg5+ Kxg5 72. Kd3 Kg4 73. Ke3 Kxg3 {
White resigns } 0-1

[Event "ICC tourney 2437 (75 10)"]
[Site "Internet Chess Club"]
[Date "2021.03.06"]
[Round "1"]
[White "YU, AVERY:Averyyu321"]
[Black "Wolfe, Peter:fleshlumpeater"]
[Result "0-1"]
[ICCResult "White checkmated"]
[WhiteElo "1789"]
[BlackElo "1958"]
[Opening "Sicilian: Nimzovich-Rossolimo attack (with ...g6, without ...d6)"]
[ECO "B31"]
[NIC "SI.31"]
[Time "13:01:52"]
[PlyCount "118"]
[TimeControl "4500+10"]

1. e4 c5 2. Nf3 Nc6 3. Bb5 g6 4. Bxc6 dxc6 5. d3 Bg7 6. Nc3 Nf6 7. h3 O-O
8. Be3 b6 9. Qd2 Re8 10. O-O Nd7 11. Nh2 e5 12. f4 exf4 13. Bxf4 Nf8 14.
Nf3 Ne6 15. Ng5 Nxf4 16. Qxf4 f6 17. Nf3 Be6 18. a3 Qe7 19. Rae1 Rf8 20.
Qe3 Rae8 21. Kh1 Qd6 22. Qf2 Bh6 23. Ne2 Bc8 24. Nh2 c4 25. Rd1 cxd3 26.
cxd3 f5 27. exf5 Rxf5 28. Nf3 Ba6 29. Ned4 Rf6 30. Qc2 c5 31. Nb3 Rd8 32.
Rfe1 Bxd3 33. Qc3 Bg7 34. Qd2 c4 35. Nc1 Rf7 36. Qf2 Be5 37. Nxd3 Bg3 38.
Nde5 Qxd1 39. Qxg3 Qd6 40. Nxf7 Qxg3 41. Nxd8 Qf2 42. Nc6 Qxb2 43. Nxa7 c3
44. Ng1 c2 45. Ne2 Qe5 46. a4 Qxe2 47. Rxe2 c1=Q+ 48. Kh2 Qc7+ 49. g3 Qxa7
50. Rb2 Qxa4 51. Kg2 b5 52. h4 b4 53. Kf2 b3 54. Ke3 Qc4 55. Rd2 b2 56.
Rxb2 Qc3+ 57. Kf4 Qxb2 58. Kg5 Qe5+ 59. Kg4 Qf5# { White checkmated } 0-1

[Event "ICC tourney 2437 (75 10)"]
[Site "Internet Chess Club"]
[Date "2021.03.06"]
[Round "1"]
[White "UDOVENKO, DANIEL ALEXANDER:DanielA1926"]
[Black "LEE, DANIEL:Daniel-Lee"]
[Result "1-0"]
[ICCResult "Black resigns"]
[WhiteElo "1764"]
[BlackElo "1865"]
[Opening "QGD Slav: Czech defense"]
[ECO "D17"]
[NIC "SL.04"]
[Time "13:02:07"]
[PlyCount "57"]
[TimeControl "4500+10"]

1. d4 d5 2. Nf3 Nf6 3. c4 c6 4. Nc3 dxc4 5. a4 Bf5 6. Bg5 Nbd7 7. e3 Qb6 8.
Qd2 e6 9. Bxc4 Ne4 10. Nxe4 Bxe4 11. O-O Bxf3 12. gxf3 Bb4 13. Qe2 Qa5 14.
Bf4 g5 15. Bg3 h5 16. h4 O-O-O 17. Kh2 Rdg8 18. Rg1 g4 19. fxg4 hxg4 20.
Kg2 Be7 21. Rh1 Rh5 22. e4 Nb6 23. Bd3 Qb4 24. a5 Nd7 25. a6 b6 26. Qc2 c5
27. Ra4 Qxa4 28. Qxa4 cxd4 29. Qc6+ { Black resigns } 1-0

[Event "ICC tourney 2437 (75 10)"]
[Site "Internet Chess Club"]
[Date "2021.03.06"]
[Round "1"]
[White "CRISCI, THOMAS:StarWaricc"]
[Black "SANE, ADWAY:adwaysane"]
[Result "0-1"]
[ICCResult "White forfeits on time"]
[WhiteElo "1816"]
[BlackElo "1717"]
[Opening "Queen's gambit declined"]
[ECO "D30"]
[NIC "QP.08"]
[Time "13:02:47"]
[PlyCount "120"]
[TimeControl "4500+10"]

1. d4 d5 2. c4 e6 3. e3 Nf6 4. Nc3 Be7 5. Nf3 O-O 6. Bd3 b6 7. O-O Bb7 8.
b3 Nbd7 9. Bb2 c5 10. Rc1 Ne4 11. Nd2 Nxc3 12. Bxc3 Nf6 13. Qc2 h6 14. Rfd1
dxc4 15. bxc4 Qc7 16. Be2 Rac8 17. Bf3 Bxf3 18. Nxf3 cxd4 19. Bxd4 Ba3 20.
Bb2 Bxb2 21. Qxb2 Rfd8 22. Rxd8+ Rxd8 23. h3 Ne4 24. Kf1 Qd6 25. Qd4 Qxd4
26. exd4 Kf8 27. Ke2 f6 28. Ke3 Nd6 29. g4 Rc8 30. Nd2 Ke7 31. Kd3 Nb7 32.
Re1 Rd8 33. Kc3 Rc8 34. d5 Nc5 35. Nb3 e5 36. Nxc5 Rxc5 37. a4 Kd6 38. Kb4
g6 39. f3 Rc8 40. Ra1 a5+ 41. Kc3 Rf8 42. Rb1 Kc7 43. Kd3 f5 44. Ke3 fxg4
45. hxg4 g5 46. Ke4 Rf4+ 47. Kxe5 Rxf3 48. d6+ Kc6 49. Rd1 Kd7 50. Rb1 Kc6
51. Rd1 Re3+ 52. Kf6 Kd7 53. Kg6 Re4 54. Kxh6 Rxg4 55. Kh5 Rxc4 56. Kxg5
Rc6 57. Kf5 Rxd6 58. Rb1 Kc6 59. Ke4 Kc5 60. Rb5+ Kc6 { White forfeits on
time } 0-1

[Event "ICC tourney 2437 (75 10)"]
[Site "Internet Chess Club"]
[Date "2021.03.06"]
[Round "1"]
[White "WANG, MAXWELL GEORG:MaxWang"]
[Black "PULLELA, SRICHARAN:Sricharan07"]
[Result "1/2-1/2"]
[ICCResult "Game drawn by repetition"]
[WhiteElo "1778"]
[BlackElo "1881"]
[Opening "French: exchange variation"]
[ECO "C01"]
[NIC "FR.01"]
[Time "13:01:56"]
[PlyCount "173"]
[TimeControl "4500+10"]

1. e4 e6 2. d4 d5 3. exd5 exd5 4. c4 Nf6 5. Nc3 c6 6. Nf3 Be7 7. Be2 O-O 8.
O-O Be6 9. cxd5 Nxd5 10. Re1 Nd7 11. Bd3 Bg4 12. Nxd5 cxd5 13. Bf4 Rc8 14.
h3 Bh5 15. Bf5 Bg6 16. Bxg6 hxg6 17. Qb3 Nb6 18. Rac1 Bf6 19. Bd2 Qd7 20.
Bf4 Rxc1 21. Rxc1 Rc8 22. Rxc8+ Qxc8 23. Qc3 Qxc3 24. bxc3 Nc4 25. Kf1 Kf8
26. Ke2 Ke7 27. Nd2 Nxd2 28. Kxd2 Ke6 29. Kd3 b5 30. Be3 Be7 31. Bf4 Kd7
32. Kc2 a6 33. Kd3 Kc6 34. Kc2 a5 35. Bd2 Bd6 36. Be3 Kd7 37. Kd3 Ke6 38.
Bd2 f6 39. Be3 g5 40. g3 Be7 41. Bd2 Kf5 42. Be3 g4 43. h4 Ke6 44. Bf4 Kd7
45. Bd2 Bd6 46. Be3 g6 47. Bd2 Kc6 48. Be3 Kd7 49. Bd2 Kc7 50. Be3 Kc6 51.
Bd2 Bc7 52. Be3 a4 53. Bc1 Bd6 54. Bd2 Ba3 55. Kc2 b4 56. cxb4 Kb5 57. Kd3
Bxb4 58. Bc1 Be1 59. Ke2 Ba5 60. Kd3 Bc7 61. Ba3 f5 62. Be7 Ba5 63. Bd6 Bb4
64. Bf4 Be7 65. Bd2 Bd6 66. Bc3 Bb4 67. Bb2 Be7 68. Bc3 Bd6 69. Bd2 Be7 70.
Bc3 Bb4 71. Bb2 Kb6 72. Bc1 Ka5 73. Bb2 Kb5 74. Bc1 a3 75. Be3 Ka4 76. Bf4
Be7 77. Bd2 Bd6 78. Bc1 Bb4 79. Be3 Kb5 80. Bc1 Bd6 81. Be3 Kb4 82. Bd2+
Kb5 83. Be3 Ka4 84. Bc1 Bb4 85. Be3 Ba5 86. Bc1 Bb4 87. Be3 { Game drawn by
repetition } 1/2-1/2

[Event "ICC tourney 2437 (75 10)"]
[Site "Internet Chess Club"]
[Date "2021.03.06"]
[Round "2"]
[White "Shi, Roger V V:Roger436"]
[Black "WEN, KALLY:kwen2008"]
[Result "0-1"]
[ICCResult "White resigns"]
[WhiteElo "1782"]
[BlackElo "1708"]
[Opening "Ruy Lopez: 5.O-O"]
[ECO "C78"]
[NIC "RL.12"]
[Time "16:31:52"]
[PlyCount "90"]
[TimeControl "4500+10"]

1. e4 e5 2. Nf3 Nc6 3. Bb5 a6 4. Ba4 Nf6 5. O-O b5 6. Bb3 Bc5 7. d3 h6 8.
c3 d6 9. Nbd2 Bg4 10. Re1 O-O 11. Nf1 Re8 12. Ne3 Bc8 13. Nh4 Nxe4 14. dxe4
Qxh4 15. Qd5 Be6 16. Qxc6 Bxb3 17. axb3 Bb6 18. Rxa6 Rab8 19. g3 Qf6 20.
Nd5 Qxf2+ 21. Kh1 Qxe1+ 22. Kg2 Qxc1 23. Nxb6 Qc2+ 24. Kh3 cxb6 25. Ra7
Qxb3 26. Qc7 Qe6+ 27. Kg2 Rec8 28. Qd7 Qxd7 29. Rxd7 Rd8 30. Rc7 Ra8 31.
Kf3 Ra2 32. Rb7 Rxb2 33. Rxb6 Rb3 34. Kg4 Rxc3 35. Rxb5 Rc5 36. Rb6 d5 37.
exd5 Rcxd5 38. Kf5 R5d6 39. Rb7 Re6 40. g4 e4 41. g5 hxg5 42. h4 gxh4 43.
Rb3 e3 44. Rb1 e2 45. Re1 Rd1 { White resigns } 0-1

[Event "ICC tourney 2437 (75 10)"]
[Site "Internet Chess Club"]
[Date "2021.03.06"]
[Round "2"]
[White "JIANG, LEYOU:karuto2006"]
[Black "STEINER, ADAMSON:poohfur"]
[Result "1-0"]
[ICCResult "Black resigns"]
[WhiteElo "1831"]
[BlackElo "1692"]
[Opening "Ruy Lopez: 5.O-O"]
[ECO "C78"]
[NIC "RL.12"]
[Time "16:31:57"]
[PlyCount "45"]
[TimeControl "4500+10"]

1. e4 e5 2. Nf3 Nc6 3. Bb5 a6 4. Ba4 Nf6 5. O-O b5 6. Bb3 Bc5 7. c3 d6 8.
d4 Bb6 9. Re1 Bg4 10. Be3 O-O 11. a4 Qd7 12. dxe5 Bxf3 13. Qxf3 Nxe5 14.
Qe2 Bxe3 15. Qxe3 c5 16. Nd2 c4 17. Bc2 Rfe8 18. h3 Nxe4 19. Nxe4 f5 20.
Ng5 Nd3 21. Qd2 Rxe1+ 22. Rxe1 Nxe1 23. Qd5+ { Black resigns } 1-0

[Event "ICC tourney 2437 (75 10)"]
[Site "Internet Chess Club"]
[Date "2021.03.06"]
[Round "2"]
[White "CHAMPSI, IMRAN:imranchamp"]
[Black "HONG, PEARSON:PearsonH"]
[Result "1/2-1/2"]
[ICCResult "Game drawn by mutual agreement"]
[WhiteElo "1813"]
[BlackElo "1731"]
[Opening "French: exchange, Svenonius variation"]
[ECO "C11"]
[NIC "FR.04"]
[Time "16:31:55"]
[PlyCount "56"]
[TimeControl "4500+10"]

1. e4 e6 2. d4 d5 3. Nc3 Nf6 4. exd5 exd5 5. Bg5 c6 6. Nf3 Bd6 7. Bd3 O-O
8. O-O Bg4 9. h3 Bh5 10. Re1 Nbd7 11. g4 Bg6 12. Bxg6 hxg6 13. Ne5 Qc7 14.
Nxd7 Nxd7 15. Be7 Rfe8 16. Bxd6 Qxd6 17. Qd2 Nf6 18. a3 Qd7 19. f3 Qd6 20.
Qh2 Qxh2+ 21. Kxh2 Kf8 22. Kg3 Rxe1 23. Rxe1 Re8 24. Rxe8+ Kxe8 25. Na4 Nd7
26. h4 Ke7 27. Nc3 Nb6 28. b3 Nd7 { Game drawn by mutual agreement }
1/2-1/2

[Event "ICC tourney 2437 (75 10)"]
[Site "Internet Chess Club"]
[Date "2021.03.06"]
[Round "2"]
[White "CUI, YOUNG CHEUNG:WizardY"]
[Black "CRISCI, THOMAS:StarWaricc"]
[Result "0-1"]
[ICCResult "White checkmated"]
[WhiteElo "1762"]
[BlackElo "1816"]
[Opening "Sicilian: Anderssen variation"]
[ECO "B41"]
[NIC "SI.41"]
[Time "16:31:55"]
[PlyCount "118"]
[TimeControl "4500+10"]

1. e4 c5 2. Nf3 e6 3. d4 cxd4 4. Nxd4 Nf6 5. Nc3 Nc6 6. Bc4 Bb4 7. Bg5 Qa5
8. Nxc6 Bxc3+ 9. bxc3 Qxc3+ 10. Bd2 Qxc4 11. Nb4 Qxe4+ 12. Kf1 b6 13. Qf3
Qxf3 14. gxf3 Bb7 15. Rg1 Rg8 16. Bc3 Ke7 17. Ke2 Rac8 18. Bxf6+ Kxf6 19.
Rac1 Rc3 20. Rg3 Rgc8 21. Rd1 d5 22. Rdg1 a5 23. Nd3 Rxc2+ 24. Ke3 e5 25.
Nxe5 Kxe5 26. Rg5+ Kf6 27. Rxg7 Re8+ 28. Kd3 Rxa2 29. Rxh7 Ba6+ 30. Kc3
Rxf2 31. Kd4 Bc4 32. Rgg7 Rd2+ 33. Kc3 Rd3+ 34. Kc2 Rf8 35. f4 Rf3 36. Rg4
Re8 37. Rg2 Rxf4 38. Rh6+ Ke7 39. Rxb6 Kd7 40. Rb7+ Kc6 41. Rb1 Re2+ 42.
Rxe2 Bxe2 43. Re1 Bc4 44. Kc3 Kc5 45. Rh1 Rf2 46. Rd1 Rf3+ 47. Kb2 Kb4 48.
Rd2 a4 49. Rd1 Rf2+ 50. Ka1 a3 51. Kb1 Kc3 52. Ka1 Rf1 53. Rxf1 Bxf1 54.
Kb1 d4 55. Ka2 d3 56. Ka1 d2 57. Ka2 d1=Q 58. h4 Qc2+ 59. Kxa3 Qb3# { White
checkmated } 0-1

[Event "ICC tourney 2437 (75 10)"]
[Site "Internet Chess Club"]
[Date "2021.03.06"]
[Round "2"]
[White "LI, DAVID TONGJIA:UltimateDL"]
[Black "MCDONALD, GABRIEL:Grinch81"]
[Result "1-0"]
[ICCResult "Black resigns"]
[WhiteElo "1767"]
[BlackElo "1961"]
[Opening "Sicilian defense"]
[ECO "B33"]
[NIC "SI.32"]
[Time "16:31:57"]
[PlyCount "109"]
[TimeControl "4500+10"]

1. e4 c5 2. Nf3 Nc6 3. d4 cxd4 4. Nxd4 Nf6 5. f3 e5 6. Nb5 d6 7. c4 Be7 8.
Be3 O-O 9. N1c3 a6 10. Na3 Be6 11. Be2 Nh5 12. Qd2 Rc8 13. O-O Kh8 14. Rfd1
g6 15. Nc2 f5 16. Rac1 f4 17. Bf2 g5 18. Nd5 Bxd5 19. exd5 Nb8 20. Nb4 Nd7
21. Nd3 b6 22. b4 Nhf6 23. c5 dxc5 24. d6 Bxd6 25. Nxf4 gxf4 26. Qxd6 Rg8
27. Bxa6 Ra8 28. Bc4 Rg7 29. Bh4 Qf8 30. Be6 Qe8 31. bxc5 bxc5 32. Bxf6
Nxf6 33. Qxe5 Qg6 34. Rd2 Re8 35. Qf5 Qh6 36. Rxc5 Qh4 37. Re5 Rc7 38. Rd1
Rce7 39. Rde1 Rd8 40. Bb3 Rd2 41. Rf1 Re2 42. Rxe7 Rxe7 43. a4 Kg7 44. a5
Nh5 45. Qg4+ Qxg4 46. fxg4 Nf6 47. Rxf4 Re3 48. Rf3 Re1+ 49. Rf1 Re3 50.
Rb1 Ne4 51. Bc2 Nc5 52. Rb5 Rc3 53. Bf5 h6 54. h4 Kf7 55. Kf2 { Black
resigns } 1-0